IL
DURHAM BULLS @ PAWTUCKET RED SOX
08/29/2047
 
TOP OF THE 1ST
Durham Bulls batting - Pitching for Pawtucket Red Sox : LHP Eric Del Sordo
Pitching: LHP Eric Del Sordo
Batting: RHB Jonathan Fraire 0-0: Ball
1-0: Foul Ball, location: 2F
1-1: Foul Ball, location: 2F
1-2: Fly out, F7 (Flyball, 7LDF, EV 102.5 MPH)
Batting: RHB David Ward 0-0: Ball
1-0: Called Strike
1-1: Ball
2-1: Ground out 4-3 (Groundball, 4MS, EV 67.5 MPH)
Batting: SHB Lou Kroneman 0-0: Called Strike
0-1: Ball
1-1: Ball
2-1: Ball
3-1: Foul Ball, location: 2F
3-2: Base on Balls
Batting: RHB Nick Sharp 0-0: Foul Ball, location: 2F
0-1: Ball
1-1: Called Strike
1-2: Strikes out swinging
Top of the 1st over - 0 runs, 0 hits, 0 errors, 1 left on base; Durham 0 - Pawtucket 0
BOTTOM OF THE 1ST
Pawtucket Red Sox batting - Pitching for Durham Bulls : LHP Tris Ross
Pitching: LHP Tris Ross
Batting: LHB Tim Fuller 0-0: Called Strike
0-1: Ball
1-1: SINGLE (Groundball, 6MD, EV 98.1 MPH)
Batting: RHB Jose Diaz 0-0: Called Strike
0-1: Ball
1-1: Fly out, F9 (Flyball, 89S, EV 86.2 MPH)
Batting: LHB Jarrett Mordecai 0-0: Foul Ball, location: 2F
0-1: Swinging Strike
0-2: Strikes out swinging
Batting: RHB Dave Nickerson 0-0: Fielders Choice at 2nd, 4-6 (Groundball, 6M, EV 103.1 MPH)
Bottom of the 1st over - 0 runs, 1 hit, 0 errors, 1 left on base; Durham 0 - Pawtucket 0
TOP OF THE 2ND
Durham Bulls batting - Pitching for Pawtucket Red Sox : LHP Eric Del Sordo
Batting: RHB Kevin Benfield 0-0: Called Strike
0-1: Ball
1-1: Ball
2-1: Ball
3-1: Foul Ball, location: 2F
3-2: DOUBLE (Groundball, 3L, EV 107.5 MPH)
Batting: LHB Mark Marvin 0-0: Ball
1-0: Foul Ball, location: 2F
1-1: Called Strike
1-2: Foul Ball, location: 2F
1-2: Foul Ball, location: 2F
1-2: Strikes out swinging
Batting: LHB Davion Lewis 0-0: Ground out 5-3 (Groundball, 56D, EV 86.2 MPH)
Batting: LHB Jake Rheaume 0-0: SINGLE (Groundball, 34D, EV 101.9 MPH)
Kevin Benfield to third
Runner from 3rd tries for Home, SAFE, throw by RF to home
Batting: LHB Mario Ocana 0-0: Called Strike
Jake Rheaume steals 2nd, throwing error, E2
Jake Rheaume to third
0-1: Swinging Strike
0-2: Ball
1-2: Ball
2-2: Ball
3-2: Strikes out swinging
Top of the 2nd over - 1 run, 2 hits, 1 error, 1 left on base; Durham 1 - Pawtucket 0
BOTTOM OF THE 2ND
Pawtucket Red Sox batting - Pitching for Durham Bulls : LHP Tris Ross
Batting: RHB Eric Garrett 0-0: Ground out 5-3 (Groundball, 56, EV 90.6 MPH)
Batting: RHB Brandon Perris 0-0: Called Strike
0-1: Swinging Strike
0-2: Strikes out swinging
Batting: RHB Neil Mautone 0-0: Ball
1-0: Foul Ball, location: 2F
1-1: Foul Ball, location: 2F
1-2: Strikes out swinging
Bottom of the 2nd over - 0 runs, 0 hits, 0 errors, 0 left on base; Durham 1 - Pawtucket 0
TOP OF THE 3RD
Durham Bulls batting - Pitching for Pawtucket Red Sox : LHP Eric Del Sordo
Batting: RHB Jonathan Fraire 0-0: Ball
1-0: Ball
2-0: Called Strike
2-1: Foul Ball, location: 2F
2-2: Strikes out looking
Batting: RHB David Ward 0-0: Ball
1-0: Called Strike
1-1: Ball
2-1: Fly out, F8 (Line Drive, 8RD, EV 101.9 MPH)
Batting: SHB Lou Kroneman 0-0: Ball
1-0: Ball
2-0: Ball
3-0: Base on Balls
Batting: RHB Nick Sharp 0-0: Fielders Choice at 2nd, 5-4 (Groundball, 5, EV 91.2 MPH)
Top of the 3rd over - 0 runs, 0 hits, 0 errors, 1 left on base; Durham 1 - Pawtucket 0
BOTTOM OF THE 3RD
Pawtucket Red Sox batting - Pitching for Durham Bulls : LHP Tris Ross
Batting: RHB John Chiesa 0-0: Foul Ball, location: 2F
0-1: Foul Ball, location: 2F
0-2: Strikes out looking
Batting: RHB David Norum 0-0: Called Strike
0-1: Ball
1-1: Ball
2-1: SINGLE (Line Drive, 4D, EV 98.8 MPH)
Batting: LHB Tim Fuller 0-0: Called Strike
0-1: Ball
David Norum steals 2nd base
1-1: Ball
2-1: Fly out, F7 (Line Drive, 7D, EV 92.5 MPH)
Runner from 2nd tags up, SAFE at 3rd, no throw by LF
Batting: RHB Jose Diaz 0-0: Ball
1-0: Called Strike
1-1: Foul Ball, location: 2F
1-2: Ball
2-2: Foul Ball, location: 2F
2-2: Ball
3-2: Foul Ball, location: 2F
3-2: Foul Ball, location: 2F
3-2: Base on Balls
Batting: LHB Jarrett Mordecai 0-0: Ball
1-0: Ball
2-0: Foul Ball, location: 2F
2-1: Ball
3-1: Fly out, F8 (Line Drive, 8LD, EV 98.1 MPH)
Bottom of the 3rd over - 0 runs, 1 hit, 0 errors, 2 left on base; Durham 1 - Pawtucket 0
TOP OF THE 4TH
Durham Bulls batting - Pitching for Pawtucket Red Sox : LHP Eric Del Sordo
Batting: RHB Kevin Benfield 0-0: Called Strike
0-1: Ball
1-1: Ball
2-1: Fly out, F7 (Flyball, 7D, EV 95.6 MPH)
Batting: LHB Mark Marvin 0-0: Foul Ball, location: 2F
0-1: Foul Ball, location: 2F
0-2: Strikes out looking
Batting: LHB Davion Lewis 0-0: Called Strike
0-1: SINGLE (Flyball, 8RS, EV 93.8 MPH)
Batting: LHB Jake Rheaume 0-0: Ball
1-0: Ball
2-0: Ground out 4-3 (Groundball, 4, EV 86.9 MPH)
Top of the 4th over - 0 runs, 1 hit, 0 errors, 1 left on base; Durham 1 - Pawtucket 0
BOTTOM OF THE 4TH
Pawtucket Red Sox batting - Pitching for Durham Bulls : LHP Tris Ross
Batting: RHB Dave Nickerson 0-0: Foul Ball, location: 2F
0-1: Ball
1-1: Foul Ball, location: 2F
1-2: Foul Ball, location: 2F
1-2: Ball
2-2: Ball
3-2: Foul Ball, location: 2F
3-2: Fly out, F8 (Line Drive, 8LD, EV 108.1 MPH)
Batting: RHB Eric Garrett 0-0: Foul Ball, location: 2F
0-1: Swinging Strike
0-2: SOLO HOME RUN (Flyball, 78XD, EV 99.4 MPH), Distance : 397 ft
Batting: RHB Brandon Perris 0-0: Called Strike
0-1: Foul Ball, location: 2F
0-2: Ball
1-2: Ball
2-2: Ball
3-2: Base on Balls
Batting: RHB Neil Mautone 0-0: Ball
1-0: Called Strike
1-1: Ball
2-1: Ball
3-1: Fly out, F4 (Flyball, 4D, EV 90.6 MPH)
Batting: RHB John Chiesa 0-0: Called Strike
0-1: Swinging Strike
0-2: Ball
1-2: TRIPLE (Line Drive, 8LXD, EV 100.0 MPH)
Brandon Perris scores
Batting: RHB David Norum 0-0: Ball
1-0: Swinging Strike
1-1: Ball
2-1: Fly out, F6 (Popup, 6MD, EV 69.4 MPH)
Bottom of the 4th over - 2 runs, 2 hits, 0 errors, 1 left on base; Durham 1 - Pawtucket 2
TOP OF THE 5TH
Durham Bulls batting - Pitching for Pawtucket Red Sox : LHP Eric Del Sordo
Batting: LHB Mario Ocana 0-0: Called Strike
0-1: Ball
1-1: Ball
2-1: Swinging Strike
2-2: Strikes out swinging
Batting: RHB Jonathan Fraire 0-0: Called Strike
0-1: Ball
1-1: Foul Ball, location: 2F
1-2: Strikes out swinging
Batting: RHB David Ward 0-0: Ball
1-0: Swinging Strike
1-1: Ground out 6-3 (Groundball, 6, EV 97.5 MPH)
Top of the 5th over - 0 runs, 0 hits, 0 errors, 0 left on base; Durham 1 - Pawtucket 2
BOTTOM OF THE 5TH
Pawtucket Red Sox batting - Pitching for Durham Bulls : LHP Tris Ross
Batting: LHB Tim Fuller 0-0: Ball
1-0: DOUBLE (Line Drive, 5D, EV 96.2 MPH)
Batting: RHB Jose Diaz 0-0: Ball
1-0: Fly out, F8 (Flyball, 8LXD, EV 75.0 MPH)
Runner from 2nd tags up, SAFE at 3rd, no throw by CF
Batting: LHB Jarrett Mordecai 0-0: Ball
1-0: Fly out, F8 (Flyball, 89S, EV 86.2 MPH)
Batting: RHB Dave Nickerson 0-0: Ball
1-0: SINGLE (Groundball, 56S, EV 70.0 MPH) (infield hit)
Tim Fuller scores
Batting: RHB Eric Garrett 0-0: Foul Ball, location: 2F
0-1: Ball
1-1: Ball
2-1: Ball
3-1: Called Strike
3-2: Foul Ball, location: 2F
3-2: Fly out, F8 (Flyball, 8RXD, EV 97.5 MPH)
Bottom of the 5th over - 1 run, 2 hits, 0 errors, 1 left on base; Durham 1 - Pawtucket 3
TOP OF THE 6TH
Durham Bulls batting - Pitching for Pawtucket Red Sox : LHP Eric Del Sordo
Batting: SHB Lou Kroneman 0-0: Called Strike
0-1: Foul Ball, location: 2F
0-2: Ball
1-2: Ball
2-2: SINGLE (Groundball, 6MD, EV 96.2 MPH)
Batting: RHB Nick Sharp 0-0: Called Strike
0-1: Fly out, F8 (Flyball, 8RD, EV 93.8 MPH)
Batting: RHB Kevin Benfield 0-0: Foul Ball, location: 2F
0-1: Ball
1-1: Grounds into double play, 4-6-3 (Groundball, 4, EV 98.1 MPH)
Top of the 6th over - 0 runs, 1 hit, 0 errors, 0 left on base; Durham 1 - Pawtucket 3
BOTTOM OF THE 6TH
Pawtucket Red Sox batting - Pitching for Durham Bulls : LHP Tris Ross
Batting: RHB Brandon Perris 0-0: Ball
1-0: Called Strike
1-1: Ball
2-1: Called Strike
2-2: Ball
3-2: Foul Ball, location: 2F
3-2: Base on Balls
Batting: RHB Neil Mautone 0-0: Ball
1-0: Ball
2-0: Ball
3-0: Called Strike
3-1: Fly out, F4 (Popup, 34, EV 70.0 MPH)
Batting: RHB John Chiesa 0-0: Swinging Strike
0-1: Ball
1-1: Foul Ball, location: 2F
1-2: SINGLE (Line Drive, 4D, EV 103.1 MPH)
Brandon Perris to second
Pitching: RHP Eric Hudson
Batting: RHB David Norum 0-0: Ball
1-0: Called Strike
1-1: Called Strike
1-2: Ball
2-2: Strikes out swinging
Batting: LHB Tim Fuller 0-0: Ball
1-0: Fly out, F8 (Line Drive, 89M, EV 97.5 MPH)
Bottom of the 6th over - 0 runs, 1 hit, 0 errors, 2 left on base; Durham 1 - Pawtucket 3
TOP OF THE 7TH
Durham Bulls batting - Pitching for Pawtucket Red Sox : LHP Eric Del Sordo
Batting: LHB Mark Marvin 0-0: Ball
1-0: Called Strike
1-1: Ball
2-1: Ground out 6-3 (Groundball, 4MS, EV 84.4 MPH)
Batting: LHB Davion Lewis 0-0: Ball
1-0: Called Strike
1-1: Swinging Strike
1-2: Strikes out swinging
Batting: LHB Jake Rheaume 0-0: Ground out 5-3 (Groundball, 56S, EV 93.8 MPH)
Top of the 7th over - 0 runs, 0 hits, 0 errors, 0 left on base; Durham 1 - Pawtucket 3
BOTTOM OF THE 7TH
Pawtucket Red Sox batting - Pitching for Durham Bulls : RHP Eric Hudson
Batting: RHB Jose Diaz 0-0: Ball
1-0: Ball
2-0: Foul Ball, location: 2F
2-1: Called Strike
2-2: Fly out, F9 (Flyball, 89M, EV 93.1 MPH)
Batting: LHB Jarrett Mordecai 0-0: Called Strike
0-1: Foul Ball, location: 2F
0-2: Foul Ball, location: 2F
0-2: Strikes out swinging
Batting: RHB Dave Nickerson 0-0: Foul Ball, location: 2F
0-1: Ball
1-1: Ball
2-1: Swinging Strike
2-2: Strikes out looking
Bottom of the 7th over - 0 runs, 0 hits, 0 errors, 0 left on base; Durham 1 - Pawtucket 3
TOP OF THE 8TH
Durham Bulls batting - Pitching for Pawtucket Red Sox : LHP Eric Del Sordo
Pitching: LHP Zack McGovern
Batting: LHB Mario Ocana 0-0: Ball
1-0: Called Strike
1-1: Foul Ball, location: 2F
1-2: Strikes out swinging
Batting: RHB Jonathan Fraire 0-0: Ball
1-0: Ball
2-0: SOLO HOME RUN (Line Drive, 78XD, EV 102.5 MPH), Distance : 404 ft
Batting: RHB David Ward 0-0: Called Strike
0-1: Foul Ball, location: 2F
0-2: Foul Ball, location: 2F
0-2: Ball
1-2: Ground out 1-3 (Groundball, 34S, EV 63.1 MPH)
Batting: SHB Lou Kroneman 0-0: Ball
1-0: Swinging Strike
1-1: Called Strike
1-2: Strikes out swinging
Top of the 8th over - 1 run, 1 hit, 0 errors, 0 left on base; Durham 2 - Pawtucket 3
BOTTOM OF THE 8TH
Pawtucket Red Sox batting - Pitching for Durham Bulls : RHP Eric Hudson
Pitching: RHP Al Speer
Batting: RHB Eric Garrett 0-0: Ball
1-0: Ball
2-0: Called Strike
2-1: Swinging Strike
2-2: Foul Ball, location: 2F
2-2: Foul Ball, location: 2F
2-2: Foul Ball, location: 2F
2-2: Strikes out swinging
Batting: RHB Brandon Perris 0-0: Foul Ball, location: 2F
0-1: Called Strike
0-2: Ball
1-2: SINGLE (Groundball, 56D, EV 96.9 MPH)
Batting: RHB Neil Mautone 0-0: Called Strike
0-1: Called Strike
0-2: Ball
1-2: Foul Ball, location: 2F
1-2: Strikes out swinging
Batting: RHB John Chiesa 0-0: Called Strike
0-1: Ball
1-1: Ball
2-1: Ball
3-1: Base on Balls
Brandon Perris to second
Pinch Runner at 2nd Blake Sams:
Batting: RHB David Norum 0-0: Ball
1-0: Foul Ball, location: 2F
1-1: Foul Ball, location: 2F
1-2: Ball
2-2: Ground out 4-3 (Groundball, 4, EV 103.8 MPH)
Bottom of the 8th over - 0 runs, 1 hit, 0 errors, 2 left on base; Durham 2 - Pawtucket 3
TOP OF THE 9TH
Durham Bulls batting - Pitching for Pawtucket Red Sox : LHP Zack McGovern
Pitching: RHP John Jordan
Now at SS: Gus Cruz
Batting: RHB Nick Sharp 0-0: Ball
1-0: Foul Ball, location: 2F
1-1: Foul Ball, location: 2F
1-2: Strikes out swinging
Pinch Hitting: SHB Brett McEwen 0-0: Foul Ball, location: 2F
0-1: Ball
1-1: SINGLE (Groundball, 56, EV 99.4 MPH)
Batting: LHB Mark Marvin 0-0: Ball
1-0: Foul Ball, location: 2F
1-1: Ball
2-1: Swinging Strike
2-2: Strikes out swinging
Batting: LHB Davion Lewis 0-0: Ball
1-0: Ground out U3 (Groundball, 3L, EV 79.4 MPH)
Top of the 9th over - 0 runs, 1 hit, 0 errors, 1 left on base; Durham 2 - Pawtucket 3
Thursday, December 15th , 2022 - OOTP Baseball 23.9 Build 102